AoeStats
← CTM | Pentrus

Lombardia

510255068Analyzed
4v4 RM · 6h ago on Sep 30, 2026· 33m 44s· 8 players
Game mode
Random Map
Map size
Large (8 player)
Population
200
Speed
Normal
Resources
Standard
Victory
Conquest
Starting age
Dark Age
Ending age
Imperial Age
RankedLock teamsTeams togetherTeam positionsShared explorationLock speedFull tech treeHidden civsTurbo modeCheats
Victory
Defeat
🇵🇪 Saracens · Peru
1512
+8
🇲🇽 Magyars · Mexico
1471
+9
🇲🇽 Vietnamese · Mexico
1374
+13
🇲🇽 Mongols · Mexico
1369
+13
🇨🇳 Mongols · China
1398
-13
🇨🇳 Bulgarians · China
1360
-13
🇨🇳 Turks · China
1291
-10
🇨🇳 Huns · China
1209
-7
Manquito 3000
5:12 Loom
8:20 Feudal Age
10:03 Double-Bit Axe
15:07 Horse Collar
16:40 Town Watch
18:49 Gold Mining
20:24 Wheelbarrow
21:36 Wheelbarrow
21:19 Bloodlines
21:18 Scale Barding Armor
26:37 Castle Age
26:38 Light Cavalry
27:18 Husbandry
27:31 Forging
28:55 Hand Cart
29:05 Heavy Plow
30:14 Iron Casting
viktorcal999
5:49 Loom
9:08 Feudal Age
17:45 Fletching
21:12 Padded Archer Armor
25:29 Castle Age
25:32 Gold Mining
25:42 Horse Collar
25:56 Stone Mining
26:13 Bodkin Arrow
26:18 Crossbowman
27:10 Double-Bit Axe
28:16 Leather Archer Armor
28:57 Ballistics
29:53 Wheelbarrow
31:20 Thumb Ring
31:46 Town Watch
32:16 Hand Cart
Hila Artz
8:55 Feudal Age
9:40 Loom
9:37 Horse Collar
13:16 Bloodlines
19:04 Double-Bit Axe
24:50 Castle Age
23:31 Scale Barding Armor
25:48 Husbandry
27:36 Chain Barding Armor
CTM | Pentrus
6:26 Loom
9:17 Feudal Age
12:46 Fletching
19:32 Padded Archer Armor
20:49 Double-Bit Axe
26:06 Castle Age
24:54 Horse Collar
26:47 Bodkin Arrow
26:26 Crossbowman
_TY_梦涯
6:04 Loom
9:18 Feudal Age
10:21 Double-Bit Axe
14:44 Scale Barding Armor
16:53 Fletching
32:27 Castle Age
_TY_品味
10:22 Feudal Age
15:23 Castle Age
26:38 Double-Bit Axe
26:39 Horse Collar
31:27 Loom
32:10 Pikeman
胡乱敲键盘
13:22 Feudal Age
17:05 Loom
22:13 Castle Age
21:01 Double-Bit Axe
28:09 Imperial Age
28:13 Wheelbarrow
qw75985
8:23 Feudal Age
9:07 Loom
9:36 Double-Bit Axe
10:04 Horse Collar
15:07 Scale Barding Armor
16:19 Forging
17:48 Bloodlines
26:04 Castle Age
26:31 Light Cavalry
27:59 Iron Casting
28:08 Bow Saw
28:53 Chain Barding Armor
29:38 Husbandry
Connection lost

Rejoining the realm…

Still unreachable

The connection could not be restored.

Session expired

The server has moved on; the page needs a fresh start.